Map: Shrines of Lizul

Players

lIlIlIlIlIlI

  • Race: Zerg Zerg
  • League: Diamond

Darkness

  • Race: Terran Terran

Juse

  • Race: Terran Terran
  • League: Diamond

Tenonee

  • Race: Zerg Zerg
  • League: Platinum

VOD

Have the link to the VOD?

Description

Time

  • Played on: July 26, 2016, 5:38 a.m.
  • Length: 3:57
Show
View Real Time Build Order
Export as new Build Order

lIlIlIlIlIlI Zerg 

Build Orders: Pool First 

Get SALT Encoding   

  12  0:01  Drone  
  13  0:08  Drone  
  14  0:20  Extractor x2, Drone  
  13  0:23  Drone  
  15  0:29  Overlord  
  15  0:46  Spawning Pool  
  14  0:51  Drone  
  15  0:57  Drone  
  15  1:01  Drone  
  17  1:05  Drone  
  18  1:21  Overlord  
  18  1:34  Metabolic Boost, Queen  
  18  1:36  Zergling x2  
  21  1:43  Zergling x2  
  22  1:49  Zergling x2  
  23  2:00  Baneling Nest, Zergling x2  
  23  2:13  Zergling x2  
  24  2:25  Zergling x2  
  25  2:32  Spine Crawler  
  25  2:37  Hatchery  
  25  2:42  Zergling x2  
  25  2:43  Zergling x2  
  25  2:56  Zergling x6  
  28  3:08  Zergling x2  
  28  3:17  Zergling x2  
  28  3:38  Zergling x4  
Show
View Real Time Build Order
Export as new Build Order

Darkness Terran 

Build Orders: Reaper Expand 

Get SALT Encoding   

  12  0:00  SCV  
  13  0:13  SCV  
  14  0:20  Supply Depot  
  14  0:25  SCV  
  15  0:41  SCV  
  16  0:47  Barracks  
  16  0:57  Refinery  
  16  1:02  SCV  
  17  1:14  SCV  
  18  1:26  SCV  
  19  1:37  Supply Depot  
  19  1:38  Orbital Command  
  19  1:42  Reaper  
  20  2:06  SCV  
  20  2:07  Command Center  
  21  2:20  Barracks Reactor  
  21  2:30  Refinery  
  21  2:31  SCV  
  22  2:43  Factory  
  22  2:45  SCV  
  23  2:57  SCV  
  24  3:04  Marine x2  
  26  3:15  SCV  
  26  3:19  Orbital Command  
  27  3:24  Marine  
  27  3:25  Marine  
  29  3:28  Command Center  
  29  3:31  Starport  
  29  3:32  Factory Tech Lab  
  29  3:38  SCV  
  32  3:55  Bunker  
  32  3:56  Bunker  
Show
View Real Time Build Order
Export as new Build Order

Juse Terran 

Build Orders:  

Get SALT Encoding   

  12  0:01  SCV  
  13  0:13  SCV  
  14  0:19  Supply Depot  
  14  0:25  SCV  
  15  0:40  SCV  
  15  0:41  Barracks  
  16  0:52  Refinery  
  16  0:54  SCV  
  17  1:06  SCV  
  17  1:11  Refinery  
  18  1:18  SCV  
  19  1:29  Supply Depot  
  19  1:36  Reaper  
  19  1:37  Orbital Command  
  20  2:02  Factory  
  20  2:12  Barracks Reactor  
  20  2:13  SCV  
  21  2:26  SCV  
  21  2:38  SCV  
  21  2:40  Bunker  
  22  2:50  SCV  
  23  3:02  Supply Depot  
  23  3:05  Command Center, Hellion x2  
  27  3:06  Marine  
  27  3:09  SCV  
  29  3:21  SCV  
  29  3:26  Hellion x2  
  34  3:33  SCV  
  35  3:38  Supply Depot  
Show
View Real Time Build Order
Export as new Build Order

Tenonee Zerg 

Build Orders: Hatch First 

Get SALT Encoding   

  12  0:01  Drone  
  13  0:14  Overlord  
  13  0:20  Drone  
  14  0:36  Drone x2  
  14  0:39  Drone  
  17  0:48  Drone  
  18  1:00  Hatchery  
  17  1:05  Drone  
  17  1:08  Extractor  
  17  1:20  Spawning Pool  
  16  1:33  Drone x3  
  19  1:44  Drone  
  20  1:55  Overlord  
  20  2:11  Metabolic Boost  
  20  2:14  Queen  
  21  2:20  Queen  
  23  2:31  Zergling x2  
  23  2:33  Zergling x2  
  15  3:01  Zergling x8  
  15  3:02  Zergling x2  
Tags
 
Add a new tag
Caveats
  • Supply blocks, unpowered buildings, or Contaminate may cause inaccurate times.
  • Supply counts are checked every 10 seconds.